 Dungeon Crawl Stone Soup version bcrawl-1.14 (webtiles) character file.

Game seed: 493257576602210985

7135 MisterOstroum the Grappler (level 10, 0/105 (107) HPs)
             Began as a Troll Chaos Knight on Sept 6, 2019.
             Was a Plaything of Xom.
             Slain by a sixfirhy (9 damage)
             ... summoned by Xom
             ... on level 7 of the Dungeon.
             The game lasted 00:18:29 (6693 turns).

MisterOstroum the Grappler (Troll Chaos Knight)     Turns: 6693, Time: 00:18:30

HP:   0/105 (107)   AC: 11    Str: 23    XL:     10   Next: 85%
MP:   12/12         EV: 10    Int:  9    God:    Xom [...*..]
Gold: 435           SH:  0    Dex: 11    Spells: 9/9 levels left

rFire    . . .     SeeInvis +     - Unarmed
rCold    . . .     Gourm    +   (no shield)
rNeg     . . .     Faith    +   (armour unavailable)
rPois    +         Spirit   .   (helmet restricted)
rElec    +         Reflect  .   q - +2 cloak {rPois}
rCorr    .         Harm     .   (gloves unavailable)
MR       .....                  (boots unavailable)
Stlth    +.........             g - amulet of faith
HPRegen  0.67/turn              c - ring of insulation
MPRegen  0.13/turn              H - ring of see invisible

@: no status effects
A: large, almost no armour, unfitting armour, claws 3, fast metabolism 3,
gourmand, regeneration 1, AC +8
a: Renounce Religion


You were on level 7 of the Dungeon.
You worshipped Xom.
You were a favourite toy of Xom.
You were completely stuffed.

You visited 1 branch of the dungeon, and saw 7 of its levels.

You collected 507 gold pieces.
You spent 72 gold pieces at shops.

Inventory:

Hand Weapons
 a - a +1 mace of chaos
 r - a +2 quarterstaff of chaos
 D - the +7 hunting sling "Ukhaudun" {venom, rPois rF- Int+7, unknown}
   (You found it on level 4 of the Dungeon)

   It poisons the ammo it fires.
   It affects your intelligence (+7).
   It makes you vulnerable to fire.
   It protects you from poison.
Missiles
 d - 1641 stones (quivered)
 n - 78 tomahawks
 u - 55 large rocks
 w - 581 arrows
Armour
 q - a +2 cloak of poison resistance (worn)
Jewellery
 b - an uncursed ring of positive energy
 c - a ring of insulation (left claw)
 g - an amulet of faith (around neck)
 m - an uncursed amulet of regeneration
 s - a +4 ring of dexterity {unknown}
 F - an uncursed amulet of the acrobat
 H - a ring of see invisible (right claw)
Wands
 x - a wand of flame (9)
 y - a wand of acid (7)
 B - a wand of polymorph (6)
 G - a wand of enslavement (9)
 K - a wand of paralysis (4)
Scrolls
 h - a scroll of enchant armour
 j - a scroll of fog {!r}
 k - 2 scrolls of enchant weapon
 l - 11 scrolls of teleportation {@r3 !r}
 t - 3 scrolls of remove curse {unknown}
 v - 2 scrolls of identify
 E - a scroll of immolation {unknown}
 J - a scroll of fear {unknown}
 L - a scroll of blinking {unknown}
 N - a scroll of noise {unknown}
Potions
 f - a potion of invisibility {unknown}
 i - a potion of magic {unknown}
 o - a potion of cancellation
 p - 2 potions of flight
 z - 2 potions of lignification {unknown}
 A - a potion of degeneration {unknown}
 C - 2 potions of brilliance {unknown}
 I - 2 potions of curing {unknown}
 O - a potion of heal wounds {unknown}
Comestibles
 e - 9 rations {!d}
 M - 3 chunks of flesh


   Skills:
 * Level 9.2 Fighting
 - Level 3.0 Maces & Flails
 - Level 5.5 Throwing
 - Level 1.9 Dodging
 - Level 10.0 Unarmed Combat
 + Level 4.2 Evocations


You had 9 spell levels left.
You didn't know any spells.
Your spell library was empty.

Dungeon Overview and Level Annotations

Branches:
Dungeon (7/12)             Temple (0/1) D:4            Lair (0/6) D:7

Altars:
Ashenzari
Dithmenos
Elyvilon
Fedhas
Kikubaaqudgha
Lugonu
Makhleb
Okawaru
Qazlal
Trog
The Shining One

Shops:
D:6 :   D:7 *


Innate Abilities, Weirdness & Mutations

You cannot wear most types of armour.
Your thick skin is tough. (AC +8)
You are too large for most types of armour.
You have claws for hands.
Your metabolism is lightning-fast.
You like to eat raw meat.
Your natural rate of healing is unusually fast.


Message History

Throwing (i - inventory. (/) - cycle)
d - 1645 stones (quivered)
Press: ? - help, Shift-Dir - straight line, f/p - hound
Aim: a hound You throw a stone.
The stone hits the hound.
The hound is lightly wounded.
You mangle the hound!!
You kill the hound!
Training target 10.0 for Unarmed Combat reached!
Your Unarmed Combat skill increases to level 10!
Throwing (i - inventory. (/) - cycle)
d - 1644 stones (quivered)
Press: ? - help, Shift-Dir - straight line, f - troll
Aim: a troll You throw a stone.
The stone hits the troll but does no damage.
Throwing (i - inventory. (/) - cycle)
d - 1643 stones (quivered)
Press: ? - help, Shift-Dir - straight line, f/p - troll
Aim: a troll You throw a stone.
The stone hits the troll.
The troll is lightly wounded.
There is a stone staircase leading up here.
Throwing (i - inventory. (/) - cycle)
d - 1642 stones (quivered)
Press: ? - help, Shift-Dir - straight line, f/p - troll
Aim: a troll You throw a stone.
The stone hits the troll but does no damage.
The troll bites you. The troll barely misses you. The troll claws you.
You climb upwards.
There is a stone staircase leading down here.
You scratch the troll.
The troll is lightly wounded. "There, this looks better."
A door slams shut!
You are now a very special plaything of Xom.
You claw the troll!
The troll is moderately wounded.
Xom titters.
You are confused.
The troll bites you but does no damage. The troll claws you.
The troll closely misses you.
Unknown command.
It was a potion of cancellation.
Your magical effects are unravelling.
You feel magically purged.
You feel less confused. The troll bites you but does no damage.
The troll claws you! The troll misses you.
You mangle the troll!!
The troll is severely wounded.
The troll bites you but does no damage. The troll claws you.
The troll misses you.
You barely miss the troll. You claw the troll!
The troll is almost dead.
The troll bites you but does no damage. The troll claws you!
The troll claws you but does no damage.
You scratch the troll.
The troll is almost dead.
The troll closely misses you. The troll claws you but does no damage.
The troll misses you.
You mangle the troll!!
You kill the troll!
The troll leather armour is intact enough to wear.
Things that are here:
a +0 troll leather armour; a troll corpse You butcher the troll corpse.
M - 3 chunks of flesh
Things that are here:
a +0 troll leather armour; a troll skeleton
P - a +0 troll leather armour You drop a +0 troll leather armour.
There is a stone staircase leading down, spattered with blood here.
You start resting.
HP restored.
You climb downwards.
The skeletal warrior hits you with a +0 war axe!
There is a stone staircase leading up here.
You mangle the skeletal warrior!!
The skeletal warrior is moderately damaged.
The skeletal warrior hits you with a +0 war axe!
You closely miss the skeletal warrior.
The skeletal warrior is moderately damaged.
The skeletal warrior hits you with a +0 war axe!!
You are too injured to fight recklessly!
You are too injured to fight recklessly!
The skeletal warrior hits you with a +0 war axe!
Found a leather armour. "Time to have some fun!"
The skeletal warrior hits you with a +0 war axe!!
The ice devil hits you!
* * * LOW HITPOINT WARNING * * *
The ice devil freezes you!!
* * * LOW HITPOINT WARNING * * *
The quasit bites you but does no damage.
The quasit closely misses you. The quasit claws you.
* * * LOW HITPOINT WARNING * * *
Xom's power touches on a nearby weapon.
The skeletal warrior's +0 war axe is briefly surrounded by a scintillating aura of random colours.
You are now a favourite toy of Xom.
The sixfirhy hits you!
You die...
Xom thinks this is hilarious!

#.. #.. #.. #####
#######. ##.[.##
##....##. #..4.5#
#......#. #..z55#
#......#. #..3..#
#......#. #..@..#
#.T..>.#. #.....#
#?.....#.
##...#####*##.##.###
##...##.##.##.##+###
#.......#.........T.
#.......#..........h
#.......#..>........
#.......#...........
#.......#...........


You could see a skeletal warrior, an ice devil, a sixfirhy, a quasit, a crimson
imp and a shadow imp.

Vanquished Creatures
  2 skeletal warriors
  2 trolls (D:6)
  Prince Ribbit (D:7)
  A hippogriff (D:6)
  12 yaks
  A warg (D:7)
  Duvessa (D:7)
  2 orc warriors
  2 sky beasts
  3 ice beasts
  2 necrophages
  2 ogres
  A tengu (D:7)
  2 centaurs
  5 bullfrogs
  3 scorpions
  Dowan (D:7)
  12 wights
  A howler monkey (D:5)
  2 crimson imps
  A quasit (D:7)
  Crazy Yiuf (D:2)
  6 orc wizards
  4 orc priests
  A centaur skeleton (D:5)
  6 hounds
  A bullfrog skeleton (D:5)
  An iguana (D:4)
  5 worker ants
  Robin (D:2)
  A worker ant zombie (D:5)
  A howler monkey skeleton (D:5)
  8 adders
  2 shadow imps (D:6)
  3 oozes
  2 adder skeletons
  2 worms
  10 dart slugs
  A leopard gecko (D:4)
  22 orcs
  A ball python (D:2)
  2 giant cockroaches
  12 hobgoblins
  3 kobolds
  7 quokkas
  3 bats (D:1)
  2 frilled lizards
  9 goblins
  A leopard gecko skeleton (D:4)
  3 rats
180 creatures vanquished.

Vanquished Creatures (collateral kills)
  A phantom (D:4)
1 creature vanquished.

Grand Total: 181 creatures vanquished

Notes
Turn   | Place    | Note
-------+----------+-------------------------------------------
     0 | D:1      | MisterOstroum the Troll Chaos Knight began the quest for
                  | the Orb.
     0 | D:1      | Reached XP level 1. HP: 22/22 MP: 0/0
   198 | D:1      | Reached skill level 1 in Unarmed Combat
   284 | D:1      | Reached XP level 2. HP: 29/29 MP: 1/1
   414 | D:1      | Reached skill level 2 in Unarmed Combat
  1067 | D:2      | Found a runed door.
  1084 | D:2      | Noticed Robin
  1088 | D:2      | XOM: confuse monster(s)
  1106 | D:2      | Killed Robin
  1106 | D:2      | Reached XP level 3. HP: 8/36 MP: 2/2
  1281 | D:2      | Found a corrupted altar of Lugonu.
  1281 | D:2      | Found a shattered altar of Ashenzari.
  1281 | D:2      | XOM: 4-stop teleportation journey
  1282 | D:2      | Noticed Crazy Yiuf
  1286 | D:2      | Killed Crazy Yiuf
  1286 | D:2      | Reached skill level 3 in Unarmed Combat
  1286 | D:2      | Gained mutation: Your natural rate of healing is unusually
                  | fast. [Troll growth]
  1286 | D:2      | Reached XP level 4. HP: 29/45 MP: 3/3
  1553 | D:2      | XOM: harmless Tloc miscast
  1831 | D:2      | XOM: noise
  1906 | D:3      | XOM: enchant monster (good)
  2000 | D:3      | Reached XP level 5. HP: 52/53 MP: 4/4
  2218 | D:3      | Reached skill level 4 in Unarmed Combat
  2325 | D:3      | Reached XP level 6. HP: 60/62 MP: 5/5
  2435 | D:3      | XOM: mild Pois miscast
  2677 | D:3      | XOM: god gift: jewelled copper wand {god gift}
  2755 | D:4      | XOM: mild Air miscast
  2821 | D:4      | Reached skill level 1 in Evocations
  2840 | D:4      | XOM: enchant monster (bad)
  2844 | D:4      | XOM: summons friendly ufetubus
  2986 | D:4      | Found a staircase to the Ecumenical Temple.
  3123 | D:4      | Reached XP level 7. HP: 67/70 MP: 8/8
  3163 | D:4      | XOM: cast spell 'Summon Horrible Things'
  3249 | D:4      | XOM: confusion (+ monsters)
  3352 | D:4      | XOM: mild Chrm miscast
  3365 | D:4      | Got a transparent hunting sling
  3485 | D:4      | Found an ancient bone altar of Kikubaaqudgha.
  3486 | D:4      | Found a bloodstained altar of Trog.
  3486 | D:4      | Found a shadowy altar of Dithmenos.
  3488 | D:4      | Found a glowing golden altar of the Shining One.
  3489 | D:4      | Found a white marble altar of Elyvilon.
  3490 | D:4      | Found a burning altar of Makhleb.
  3491 | D:4      | Found an iron altar of Okawaru.
  3521 | D:5      | Entered Level 5 of the Dungeon
  3625 | D:5      | Reached skill level 5 in Unarmed Combat
  3834 | D:5      | Found a stormy altar of Qazlal.
  3845 | D:5      | Reached skill level 5 in Fighting
  3949 | D:5      | Reached skill level 1 in Throwing
  3953 | D:5      | Reached XP level 8. HP: 80/80 MP: 9/9
  4039 | D:5      | Found a blossoming altar of Fedhas.
  4066 | D:5      | XOM: harmless Fire miscast
  4097 | D:5      | XOM: 1-stop teleportation journey
  4240 | D:5      | XOM: 2-stop teleportation journey
  4346 | D:5      | XOM: mild Ice miscast
  4673 | D:5      | XOM is BORED!
  4673 | D:5      | XOM: mild Tloc miscast
  4890 | D:6      | Reached skill level 6 in Unarmed Combat
  4914 | D:6      | XOM: noise
  4916 | D:6      | XOM: swap monsters
  4925 | D:6      | Noticed a troll
  4926 | D:6      | XOM: enchant monster (bad)
  4933 | D:6      | XOM: smoke on damage
  4969 | D:6      | XOM: potion effect (invisibility)
  5129 | D:6      | Noticed a hippogriff
  5135 | D:6      | XOM: potion effect (brilliance)
  5138 | D:6      | Killed a hippogriff
  5138 | D:6      | Reached XP level 9. HP: 83/92 MP: 10/10
  5177 | D:6      | Found Odghut's Book Shop.
  5182 | D:6      | XOM: confuse monster(s)
  5367 | D:6      | Reached skill level 7 in Unarmed Combat
  5434 | D:6      | XOM: enchant monster (bad)
  5606 | D:6      | XOM: divination: magic mapping
  5609 | D:6      | Killed a troll
  5609 | D:6      | Reached skill level 5 in Throwing
  5609 | D:6      | Reached skill level 8 in Unarmed Combat
  5861 | D:7      | XOM: polymorph crimson imp -> quasit
  5878 | D:7      | Noticed Dowan
  5882 | D:7      | Noticed Duvessa
  5889 | D:7      | Killed Dowan
  5890 | D:7      | Killed Duvessa
  5908 | D:7      | Reached XP level 10. HP: 83/102 MP: 11/11
  5975 | D:7      | Noticed Prince Ribbit
  6019 | D:7      | Killed Prince Ribbit
  6025 | D:7      | Noticed a skeletal warrior
  6025 | D:7      | Noticed a skeletal warrior
  6025 | D:7      | Noticed a skeletal warrior
  6029 | D:7      | XOM: god gift: 108 stones
  6030 | D:7      | XOM: 2-stop teleportation journey
  6069 | D:6      | XOM: potion effect (berserk rage)
  6073 | D:6      | XOM: divination: detect creatures
  6077 | D:6      | Killed a skeletal warrior
  6077 | D:6      | Reached skill level 9 in Unarmed Combat
  6204 | D:7      | XOM: divination: magic mapping
  6213 | D:7      | XOM: summons friendly ufetubus
  6229 | D:7      | XOM: cast spell 'Ring of Flames'
  6287 | D:7      | XOM: summons friendly crimson imp
  6291 | D:7      | XOM: polymorph crimson imp -> iron imp
  6295 | D:7      | XOM: fog
  6313 | D:7      | XOM: swap monsters
  6320 | D:7      | Killed a skeletal warrior
  6423 | D:7      | Found Kuschej's Assorted Antiques.
  6449 | D:7      | Bought an orange potion for 22 gold pieces
  6449 | D:7      | Bought a scroll labeled ITWOYMN VUBOO for 25 gold pieces
  6449 | D:7      | Bought a scroll labeled FUTAD BIOBUA for 25 gold pieces
  6458 | D:7      | Found a staircase to the Lair.
  6458 | D:7      | XOM: fog
  6465 | D:7      | XOM: polymorph warg -> tengu
  6476 | D:7      | XOM: confuse monster(s)
  6606 | D:7      | Reached skill level 10 in Unarmed Combat
  6619 | D:6      | XOM: scenery: 1 doors close
  6620 | D:6      | XOM: confusion
  6690 | D:7      | XOM: summons 5 hostile demons
  6691 | D:7      | Noticed a sixfirhy
  6693 | D:7      | XOM: chaos upgrade
  6693 | D:7      | Slain by a sixfirhy

Skill      XL: |  1  2  3  4  5  6  7  8  9 10 |
---------------+-------------------------------+-----
Unarmed Combat | 1 2 3 4 5 6 8 10 | 10.0
Fighting       | 3 4 5 6 7 9 |  9.2
Evocations     | 2 3 4 |  4.2
Throwing       | 1 4 5 |  5.5
Maces & Flails | |  3.0
Dodging        | |  1.9

Action                   |  1- 3 |  4- 6 |  7- 9 | 10-12 || total
-------------------------+-------+-------+-------+-------++-------
Melee: Mace              |    26 |     4 |     8 |       ||    38
       Unarmed           |    44 |   144 |   261 |   100 ||   549
       Punch             |       |     4 |     8 |     9 ||    21
Throw: Stone             |       |       |    30 |    29 ||    59
       Large rock        |       |       |     6 |       ||     6
       Tomahawk          |       |       |    40 |    12 ||    52
  Use: Scroll            |       |       |       |     6 ||     6
       Potion            |       |       |       |     2 ||     2
 Stab: Sleeping          |     3 |       |       |       ||     3
       Confused          |     2 |       |       |       ||     2
       Paralysed         |       |       |     5 |       ||     5
  Eat: Chunk             |    13 |    12 |    16 |     6 ||    47
Armor: Skin              |    21 |    68 |   112 |    36 ||   237
Dodge: Dodged            |    39 |    72 |   111 |    32 ||   254
